 Dungeon Crawl Stone Soup version 0.30-a0-310-g7d6cbdfea6 (webtiles) character file.

Game seed: 16180251656211419590

22328 ytrimaz the Grappler (level 12, -2/126 HPs)
             Began as a Troll Transmuter on Oct 24, 2022.
             Slain by a two-headed ogre
             ... wielding a +0 giant club
              (29 damage)
             ... on level 11 of the Dungeon.
             The game lasted 00:17:01 (12485 turns).

ytrimaz the Grappler (Troll Transmuter)            Turns: 12485, Time: 00:17:02

Health: -2/126     AC:  8    Str: 21    XL:     12   Next: 62%
Magic:  18/18      EV: 12    Int: 13    God:
Gold:   1602       SH:  0    Dex: 10    Spells: 18/20 levels left

rFire   . . .      SeeInvis .      - Unarmed
rCold   . . .      Faith    .    (no shield)
rNeg    + . .      Spirit   .    I - +0 acid dragon scales
rPois   +          Reflect  .    (helmet restricted)
rElec   .          Harm     .    h - scarf {repulsion}
rCorr   +          Rampage  .    (gloves unavailable)
Will    .....                    (boots unavailable)
Stlth   +.........               G - amulet of magic regeneration
HPRegen 1.21/turn                k - ring of poison resistance
MPRegen 0.56/turn                y - ring of positive energy

@: repel missiles
A: large, unfitting armour, claws 3, regeneration 1, shaggy fur 1, tough skin 1
a: no special abilities


You were on level 11 of the Dungeon.
You visited 3 branches of the dungeon, and saw 14 of its levels.
You also visited: Ossuary.

You collected 1602 gold pieces.


Innate Abilities, Weirdness & Mutations

You are too large for most types of armour.
You have claws for hands.
Your natural rate of healing is unusually fast.
You are covered in fur. (AC +1)
You have tough skin. (AC +1)


   Skills:
 - Level 10.0 Fighting
 - Level 10.0 Dodging
 - Level 10.0 Unarmed Combat
 + Level 4.7 Spellcasting
 + Level 5.6 Transmutations


You had 18 spell levels left.
You knew the following spells:

 Your Spells              Type           Power      Damage    Failure   Level
b - Wereblood             Tmut           17%        N/A       3%          2

Your spell library contained the following spells:

 Spells                   Type           Power      Damage    Failure   Level
 Beastly Appendage        Tmut           34%        N/A       2%          1
 Passwall                 Tmut/Erth      8%         N/A       12%         2
 Spider Form              Tmut/Pois      10%        N/A       22%         3
 Sandblast                Erth           6%         2d5       24%         1
 Shock                    Conj/Air       12%        1d3       24%         1
 Slow                     Hex            12%        N/A       24%         1
 Blink                    Tloc           6%         N/A       36%         2
 Momentum Strike          Conj/Tloc      6%         3d8       36%         2
 Sublimation of Blood     Necr           3%         N/A       36%         2
 Confusing Touch          Hex            3%         N/A       58%         3
 Hailstorm                Conj/Ice       3%         3d3       58%         3
 Inner Flame              Hex/Fire       3%         N/A       58%         3
 Lesser Beckoning         Tloc           6%         N/A       58%         3
 Stone Arrow              Conj/Erth      6%         3d7       58%         3
 Summon Guardian Golem    Hex/Summ       3%         N/A       58%         3
 Swiftness                Air            3%         N/A       58%         3
 Vampiric Draining        Necr           3%         2d6       58%         3
 Vhi's Electric Charge    Tloc/Air       6%         N/A       58%         3
 Ice Form                 Ice/Tmut       10%        N/A       58%         4
 Airstrike                Air            1%         2d(1-17)  94%         4
 Flame Wave               Conj/Fire      3%         2d5       94%         4
 Sticky Flame             Conj/Fire      3%         2d3       94%         4
 Arcjolt                  Conj/Air       1%         1d11      100%        5
 Simulacrum               Ice/Necr       1%         N/A       100%        6
 Orb of Destruction       Conj           1%         9d5       100%        7
 Spellforged Servitor     Conj/Summ      1%         N/A       100%        7
 Summon Hydra             Summ           1%         N/A       100%        7
 Maxwell's Capacitive Co  Air            1%         ∞         100%        8

Inventory:

Missiles
 d - 4 throwing nets
Armour
 a - +0 steam dragon scales
   (You found it on level 9 of the Dungeon)
 h - a scarf of repulsion (worn)
   (You found it on level 1 of the Dungeon)
 I - +0 acid dragon scales (worn)
   (You found it on level 9 of the Dungeon)
Jewellery
 f - an amulet of reflection
   (You found it on level 4 of the Dungeon)
 k - a ring of poison resistance (left claw)
   (You found it on level 1 of the Dungeon)
 q - a ring of fire
   (You found it on level 3 of the Dungeon)
 y - a ring of positive energy (right claw)
   (You found it on level 7 of the Dungeon)
 C - a ring of flight
   (You found it on level 4 of the Dungeon)
 G - an amulet of magic regeneration (around neck)
   (You found it on level 8 of the Dungeon)
 H - a ring of protection from fire
   (You found it on level 1 of the Lair of Beasts)
Wands
 z - a wand of mindburst (2)
   (You found it on level 6 of the Dungeon)
 D - a wand of iceblast (8)
   (You found it on level 4 of the Dungeon)
Scrolls
 b - a scroll of fog
 e - 2 scrolls of silence
 g - a scroll of identify
 m - 4 scrolls of blinking
 n - 3 scrolls of teleportation
 r - a scroll of poison
 s - 2 scrolls of magic mapping
 t - 5 scrolls of fear
 v - a scroll of enchant armour
 x - 5 scrolls of enchant weapon
 A - 2 scrolls of acquirement
 J - a scroll of amnesia
Potions
 c - 3 potions of heal wounds
 i - 4 potions of flight
 j - 2 potions of attraction
 l - 3 potions of ambrosia
 o - 2 potions of degeneration
 p - 3 potions of curing
 u - a potion of berserk rage {unknown}
 w - 6 potions of magic
 B - a potion of cancellation {unknown}
 E - a potion of resistance
 F - 3 potions of brilliance {unknown}

Dungeon Overview and Level Annotations

Branches:
Dungeon (11/15) Zot: 26375  Temple (1/1) D:7 Zot: 5813    Lair (2/5) D:8 Zot: 9156
 Shoals (0/4) Lair:2        Snake (0/4) Lair:2          Orc (0/2) D:10
Ossuary (visited)

Altars:
Ashenzari
Cheibriados
Dithmenos
Elyvilon
Fedhas
Gozag
Hepliaklqana
Kikubaaqudgha
Makhleb
Nemelex Xobeh
Okawaru
Qazlal
Ru
Sif Muna
Trog
Uskayaw
Vehumet
Wu Jian
Xom
Yredelemnul
Zin
The Shining One

Shops:
D:3 :   D:8 [

Portals:
Trove: D:10 (give 6 scrolls of blinking)

Annotations:
D:3 2 transporters, CertainDeath's ghost, amateur MiMo
D:6 1 runed translucent door, Crazy Yiuf

#. ..... ...
...O .... ...#
...####..Y
....... #....
#...####
#....)@# ###
#...#O##
###...#.###o##.
....?..<...B.o.
..#...##.......
...... ......#
..... #......#
..... #.......
.... .......


You could see a boulder beetle, a two-headed ogre and an orc priest.


Message History

You take 20 damage, and now have 97/126 hp.
You claw the yak!
You hear a roar!
The yak gores you.
The yak gores you but does no damage. 😮 HP[-5]
You take 5 damage, and now have 92/126 hp.
You mangle the yak!!
You feel a bit better.
You kill the yak!
The yak closely misses you. 😕 HP[+3]
You regained 3 hp, and now have 95/126 hp.
Unknown command.
You mangle the yak!! The orc hits you but does no damage.
The yak gores you! 😮 HP[-13]
You take 13 damage, and now have 82/126 hp.
You are too injured to fight recklessly!
You scratch the yak but do no damage. 😮 HP[+1] Unknown command.
You are too injured to fight recklessly!
You are too injured to fight recklessly!
Unknown command.
You completely miss the orc. The yak misses you.
The orc hits you but does no damage. 😮 HP[+1] MP[+1]
Your mp is fully restored (18).
You claw the orc!
You feel a bit better.
You kill the orc!
The yak misses you. 😮 HP[+4]
You regained 4 hp, and now have 88/126 hp.
You are too injured to fight recklessly!
Unknown command.
You claw the yak!
You feel a bit better.
You kill the yak! 😮 HP[+2]
You regained 2 hp, and now have 90/126 hp.
You are too injured to fight recklessly!
You claw the orc!
You feel a bit better.
You kill the orc! 😮 HP[+4]
You regained 4 hp, and now have 94/126 hp.
You are too injured to fight recklessly!
You scratch the wraith.
Your primal bloodlust is almost over. 😕 HP[+1] Unknown command.
You claw the wraith! The wraith hits you. 😮 HP[-2]
You take 2 damage, and now have 93/126 hp.
You closely miss the wraith. The wraith barely misses you.
A boulder beetle comes into view.
Unknown command. 😮 HP[+1]
You scratch the wraith. You claw the wraith, but do no damage.
The wraith closely misses you. 😕 HP[+1] Unknown command.
You scratch the wraith. The wraith closely misses you.
An orc priest comes into view.
It is wielding a +0 hand axe and wearing a +0 ring mail of fire resistance.
You mangle the wraith!!
You feel a bit better.
You destroy the wraith! 😕 HP[+4]
You regained 4 hp, and now have 99/126 hp.
You scratch the two-headed ogre but do no damage. 😕 HP[+1] Unknown command.
You closely miss the two-headed ogre.
Your primal bloodlust has ended.
The two-headed ogre hits you with a +0 giant club! x2 😮 HP[-20]
You take 20 damage, and now have 80/126 hp.
You scratch the two-headed ogre.
The orc priest begins to cast a cantrip, but forgets the words!
The two-headed ogre hits you with a +0 giant club!!
* * * LOW HITPOINT WARNING * * *
The two-headed ogre hits you with a +0 giant club!!
* * * LOW HITPOINT WARNING * * *
Unknown command. 😨 HP[-35]
You take 35 damage, and now have 45/126 hp.
MASSIVE DAMAGE!! (PAUSE)
You claw the two-headed ogre! 😨 HP[+1]
You claw the two-headed ogre!
The orc priest mumbles some strange prayers to Beogh against you.
Beogh smites you!
* * * LOW HITPOINT WARNING * * *
The two-headed ogre hits you with a +0 giant club.
* * * LOW HITPOINT WARNING * * *
The two-headed ogre hits you with a +0 giant club.
* * * LOW HITPOINT WARNING * * *
😱 HP[-21]
You take 21 damage, and now have 25/126 hp.
Unknown command.
You scratch the two-headed ogre. 😱 HP[+1]
You barely miss the two-headed ogre.
The two-headed ogre hits you with a +0 giant club!!
You die...

Skill      XL: |  1  2  3  4  5  6  7  8  9 10 11 12 |
---------------+-------------------------------------+-----
Fighting       | 1 2 3 5 7 8 10 | 10.0
Dodging        | 2 3 5 7 8 10 | 10.0
Unarmed Combat | 4 5 6 7 8 10 | 10.0
Transmutations | 3 5 |  5.6
Spellcasting   | 2 4 |  4.7

Action                   |  1- 3 |  4- 6 |  7- 9 | 10-12 || total
-------------------------+-------+-------+-------+-------++-------
Melee: Unarmed           |   126 |   136 |   265 |   645 ||  1172
       Punch             |     2 |     4 |    12 |    34 ||    52
 Cast: Wereblood         |       |       |     1 |     5 ||     6
Evoke: Wand              |       |       |       |    13 ||    13
  Use: Scroll            |     6 |     3 |     8 |     6 ||    23
       Potion            |       |     1 |     6 |     8 ||    15
 Stab: Invisible         |       |       |     2 |     8 ||    10
Armor: Robe              |    54 |    43 |    38 |     8 ||   143
       Skin              |       |     4 |    83 |       ||    87
       Acid dragon scale |       |       |       |   236 ||   236
Dodge: Dodged            |    60 |    53 |   122 |   397 ||   632
       Repelled          |     1 |     1 |     3 |     4 ||     9
Block: Other             |       |       |    59 |     3 ||    62
       Reflection        |       |       |     1 |     1 ||     2

Levels and vault maps discovered:
D:1:      lemuel_arrival_muddy, layout_basic, reono_crystal_passage,
          chequers_serial_rivers_room_b
D:2:      layout_basic
D:3:      layout_basic, tso_metal_star, ebering_ecumenical_altar_webs,
          gammafunk_ghost_gnarly_gnolls, serial_shops,
          nicolae_shop_temple_entry_statues_fountains
D:4:      layout_basic, mainiacjoe_overflow_big_doors,
          cheibrodos_sewer_entry_sluice, gup_ossuary_entry_pyramid,
          minmay_fountain_box
D:5:      layout_layer_cave
D:6:      layout_basic, minmay_misc_feat_plants, uniq_pikel, uniq_grinder,
          uniq_crazy_yiuf_cottage
D:7:      layout_rooms, minmay_temple_entry_drinking_statues
D:8:      layout_loops_ring, erik_lair_orcish_takeover, serial_shops,
          nicolae_shop_crystal, minmay_hedge_maze
D:9:      layout_irregular_city, hangedman_fish_farm
D:10:     layout_irregular_city, xom_butterflies, david_orc_4, serial_demonic,
          serial_demonic_c, serial_demonic_d, serial_demonic_d,
          serial_demonic_e, enter_trove_1, hangedman_decor_opposing
D:11:     minmay_the_grid_octo_2x2 [minmay_the_grid_octo_pinwheel,
          minmay_the_grid_octo_odd_swirl, minmay_the_grid_octo_focus,
          minmay_the_grid_octo_prize_ultimate_mussel_roller], layout_basic
Temple:   nicolae_temple_bog_church
Lair:1:   layout_loops_ring
Lair:2:   layout_cave_pods, minmay_shoals_entry_centaurs,
          guppyfry_snake_entry_garden, serial_bayou_pond_c

Notes
Turn   | Place    | Note
-------+----------+-------------------------------------------
     0 | D:1      | ytrimaz the Troll Transmuter began the quest for the Orb.
     0 | D:1      | Reached XP level 1. HP: 18/18 MP: 1/1
     0 | D:1      | magus.rc [v1.9.6]
   216 | D:1      | Reached skill level 1 in Fighting
   282 | D:1      | Reached XP level 2. HP: 27/27 MP: 2/2
   495 | D:1      | Reached skill level 2 in Dodging
   801 | D:2      | Reached XP level 3. HP: 33/33 MP: 3/3
  1023 | D:2      | You fall into a shaft and drop 1 floor!
  1036 | D:3      | Found Soqoudev's Book Emporium.
  1117 | D:3      | Found a faded altar of an unknown god.
  1290 | D:2      | You pick up a book of Geomancy and begin reading...
  1290 | D:2      | You add the spells Sandblast, Passwall and Stone Arrow to
                  | your library.
  1738 | D:3      | Reached skill level 2 in Fighting
  1738 | D:3      | Reached XP level 4. HP: 24/42 MP: 4/4
  1789 | D:3      | You pick up a book of Debilitation and begin reading...
  1789 | D:3      | You add the spells Slow, Vampiric Draining and Confusing
                  | Touch to your library.
  1812 | D:3      | Found a glowing golden altar of the Shining One.
  2034 | D:3      | Found a transporter.
  2094 | D:3      | Found a transporter.
  2097 | D:3      | Noticed CertainDeath's ghost (amateur MiMo)
  2240 | D:4      | Reached skill level 4 in Unarmed Combat
  2266 | D:4      | Found a sand-covered staircase.
  2271 | D:4      | Reached XP level 5. HP: 49/49 MP: 5/5
  2274 | Ossuary  | Entered an ossuary
  2368 | Ossuary  | Reached skill level 3 in Dodging
  2587 | Ossuary  | Reached XP level 6. HP: 53/59 MP: 6/6
  2674 | Ossuary  | Reached skill level 3 in Fighting
  2907 | D:4      | Found a hazy altar of Hepliaklqana.
  2912 | D:4      | Found a white marble altar of Elyvilon.
  2920 | D:4      | Reached skill level 5 in Unarmed Combat
  2997 | D:4      | Reached XP level 7. HP: 66/67 MP: 7/7
  3023 | D:4      | Reached skill level 4 in Dodging
  3030 | D:4      | Learned a level 2 spell: Wereblood
  3075 | D:4      | You pick up a book of Spatial Translocations and begin
                  | reading...
  3075 | D:4      | You add the spells Blink, Momentum Strike and Lesser
                  | Beckoning to your library.
  3108 | D:4      | You pick up a book of Air and begin reading...
  3108 | D:4      | You add the spells Shock, Swiftness and Airstrike to your
                  | library.
  3607 | D:5      | Entered Level 5 of the Dungeon
  3612 | D:5      | You pick up a book of Dangerous Friends and begin
                  | reading...
  3612 | D:5      | You add the spells Summon Guardian Golem, Orb of
                  | Destruction and Spellforged Servitor to your library.
  4276 | D:5      | Reached skill level 4 in Fighting
  4639 | D:5      | Identified a scroll of acquirement
  4787 | D:6      | Reached skill level 6 in Unarmed Combat
  4854 | D:6      | Noticed Pikel
  4876 | D:6      | Killed Pikel
  4877 | D:6      | Reached skill level 5 in Fighting
  4877 | D:6      | Reached skill level 5 in Dodging
  4877 | D:6      | Reached XP level 8. HP: 52/80 MP: 8/8
  5186 | D:6      | Noticed Grinder
  5190 | D:6      | Paralysed by Grinder for 2 turns
  5198 | D:6      | Killed Grinder
  5199 | D:6      | Reached skill level 7 in Unarmed Combat
  5306 | D:6      | Found a runed translucent door.
  5307 | D:6      | Noticed Crazy Yiuf
  5756 | D:7      | Noticed a hornet
  5779 | D:7      | Paralysed by a hornet for 2 turns
  5783 | D:7      | Reached XP level 9. HP: 49/88 MP: 9/9
  5786 | D:7      | Reached skill level 6 in Dodging
  5789 | D:7      | Reached skill level 6 in Fighting
  5814 | D:7      | Reached skill level 8 in Unarmed Combat
  5924 | D:7      | You pick up a book of the Tundra and begin reading...
  5924 | D:7      | You add the spells Hailstorm and Simulacrum to your
                  | library.
  5934 | D:7      | You pick up a book of Blood and begin reading...
  5934 | D:7      | You add the spells Sublimation of Blood and Summon Hydra to
                  | your library.
  5949 | D:7      | Found a staircase to the Ecumenical Temple.
  6259 | Temple   | Entered the Ecumenical Temple
  6573 | D:8      | Found Zezxenyrr's Armour Emporium.
  6645 | D:8      | Reached skill level 7 in Dodging
  6739 | D:8      | Found a staircase to the Lair.
  6762 | D:8      | Reached skill level 7 in Fighting
  6767 | D:8      | Reached XP level 10. HP: 62/102 MP: 10/10
  6775 | D:8      | Reached skill level 9 in Unarmed Combat
  6925 | D:8      | Noticed a two-headed ogre
  6933 | D:8      | Killed a two-headed ogre
  7308 | Lair:1   | Entered Level 1 of the Lair of Beasts
  7330 | Lair:1   | Noticed a torpor snail
  7348 | D:8      | Acquired 867 gold pieces
  7837 | D:9      | Reached skill level 8 in Dodging
  7911 | D:9      | Reached skill level 8 in Fighting
  7911 | D:9      | Reached skill level 10 in Unarmed Combat
  8133 | D:9      | You add the spells Vhi's Electric Charge, Arcjolt and
                  | Maxwell's Capacitive Coupling to your library.
  8325 | D:10     | Entered Level 10 of the Dungeon
  8441 | D:10     | Reached XP level 11. HP: 72/113 MP: 11/11
  8493 | D:10     | Found a portal to a secret trove of treasure.
  8523 | D:10     | You pick up a book of Flames and begin reading...
  8523 | D:10     | You add the spells Inner Flame, Sticky Flame and Flame Wave
                  | to your library.
  8529 | D:10     | Found a shimmering altar of Xom.
  8554 | D:10     | This trove needs 6 scrolls of blinking to function. Give it
                  | the items?
  8777 | D:10     | Found a staircase to the Orcish Mines.
  8877 | D:10     | Reached skill level 9 in Dodging
  8976 | D:10     | HP: 26/113 [hellwing (9)]
  9070 | D:11     | Reached skill level 9 in Fighting
 10099 | Lair:1   | Reached skill level 10 in Dodging
 10103 | Lair:1   | Reached skill level 10 in Fighting
 10204 | Lair:1   | Reached skill level 2 in Transmutations
 10529 | Lair:2   | Reached skill level 2 in Spellcasting
 10587 | Lair:2   | Noticed a six-headed hydra
 10629 | Lair:2   | Noticed a death yak
 10666 | Lair:2   | Noticed a death yak
 10667 | Lair:2   | Noticed a death yak
 10692 | Lair:2   | Killed a death yak
 10697 | Lair:2   | Killed a death yak
 10698 | Lair:2   | Reached skill level 3 in Transmutations
 10739 | Lair:2   | Reached XP level 12. HP: 117/126 MP: 14/14
 10796 | Lair:2   | Reached skill level 3 in Spellcasting
 10906 | Lair:2   | Killed a death yak
 10913 | Lair:2   | Reached skill level 4 in Transmutations
 11070 | Lair:2   | Found a staircase to the Snake Pit.
 11329 | Lair:2   | Reached skill level 4 in Spellcasting
 11489 | Lair:2   | Killed a six-headed hydra
 11490 | Lair:2   | Reached skill level 5 in Transmutations
 11535 | Lair:2   | HP: 25/126 [cane toad (12)]
 11541 | Lair:2   | HP: 16/126 [cane toad (17)]
 11657 | Lair:2   | HP: 25/126 [black mamba (13)]
 11834 | Lair:2   | Found a staircase to the Shoals.
 12449 | D:11     | Noticed a two-headed ogre
 12475 | D:11     | Noticed a boulder beetle
 12483 | D:11     | HP: 28/126 [two-headed ogre/+0 giant club (4)]
 12485 | D:11     | Slain by a two-headed ogre

Vanquished Creatures
  A hydra (Lair:2)
  A two-headed ogre (D:8)
  3 death yaks (Lair:2)
  Pikel (D:6)
  3 black mambas
  A torpor snail (Lair:1)
  4 cane toads (Lair:2)
  An orange demon (D:10)
  8 komodo dragons
  A hellwing (D:11)
  A merfolk (D:9)
  An ice devil (D:10)
  2 polar bears
  3 hornets (D:7)
  9 blink frogs
  Grinder (D:6)
  2 wraiths
  A ynoxinul (D:10)
  3 wyverns
  24 yaks
  A chaos spawn (D:10)
  2 steam dragons
  2 basilisks
  2 nagas (Lair:2)
  2 wargs (D:8)
  2 water moccasins
  An acid dragon (D:9)
  An ice beast (D:5)
  8 orc warriors
  A sky beast (D:7)
  3 ogres
  14 wolves (Lair:1)
  5 centaurs
  2 kobold brigands (D:9)
  4 bullfrogs
  2 gnoll sergeants
  2 scorpions
  3 killer bees (D:7)
  4 howler monkeys
  3 centaur zombies (Ossuary)
  3 hounds
  3 jellies
  3 quasits (D:10)
  9 orc priests
  A gnoll bouda (D:4)
  An iguana (D:3)
  9 orc wizards
  2 ogre zombies (Ossuary)
  8 mummies
  13 gnolls
  4 adders
  A river rat (D:4)
  A shadow imp (D:6)
  2 white imps (D:6)
  An ufetubus (D:4)
  7 adder zombies (Ossuary)
  A worm (D:2)
  4 dart slugs
  34 orcs
  9 ball pythons
  6 bats
  7 endoplasms
  3 giant cockroaches (D:2)
  7 hobgoblins
  3 quokkas
  5 frilled lizards
  A gnoll zombie (Ossuary)
  5 goblins
  3 goblin zombies (Ossuary)
  3 hobgoblin zombies (Ossuary)
  16 kobolds
  5 kobold zombies (Ossuary)
  2 quokka zombies (Ossuary)
  6 rats
  4 rat zombies (Ossuary)
327 creatures vanquished.

Vanquished Creatures (others)
  2 orcs (D:9)
  6 fungi (Lair:2)
  26 plants
34 creatures vanquished.

Grand Total: 361 creatures vanquished

Table legend:
 A = Non-vault XP
 B = Vault XP
 C = Vault XP percentage of total XP
 D = Non-vault monster count
 E = Vault monster count
 F = Vault count percentage of total count
                 A         B        C        D         E       F
            +---------+---------+-------+---------+---------+-------
      Total |   26686 |    5212 |  16.3 |     246 |      81 |  24.8
            +---------+---------+-------+---------+---------+-------
        D:1 |      36 |       0 |   0.0 |      22 |       0 |   0.0
        D:2 |      43 |       0 |   0.0 |      17 |       0 |   0.0
        D:3 |      53 |       0 |   0.0 |      12 |       0 |   0.0
        D:4 |     512 |      32 |   5.9 |      25 |       3 |  10.7
        D:5 |     223 |       0 |   0.0 |       5 |       0 |   0.0
        D:6 |     362 |     918 |  71.7 |       9 |       2 |  18.2
        D:7 |    1842 |       0 |   0.0 |      21 |       0 |   0.0
        D:8 |    2123 |     618 |  22.5 |      12 |       9 |  42.9
        D:9 |    2634 |     325 |  11.0 |      37 |       1 |   2.6
       D:10 |    1528 |    1936 |  55.9 |      21 |      23 |  52.3
       D:11 |    1001 |     347 |  25.7 |       7 |       1 |  12.5
     Lair:1 |    5837 |       0 |   0.0 |      30 |       0 |   0.0
     Lair:2 |   10492 |     661 |   5.9 |      28 |       5 |  15.2
    Ossuary |       0 |     375 | 100.0 |       0 |      37 | 100.0
            +---------+---------+-------+---------+---------+-------

Illustrated notes

Table legend:
 A = Kills in this place as a percentage of kills in entire the game.
 B = Kills by you in this place as a percentage of kills by you in the entire game.
 C = Kills by friends in this place as a percentage of kills by friends in the entire game.
 D = Other kills in this place as a percentage of other kills in the entire game.
 E = Experience gained in this place as a percentage of experience gained in the entire game.
 F = Experience gained in this place divided by the number of levels of this place that you have seen.
                   A       B       C       D       E      F
               +-------+-------+-------+-------+-------+----------------------
         Total | 100.0 | 100.0 |   N/A |   N/A | 100.0 | 2126.5
       Dungeon |  69.4 |  69.4 |   N/A |   N/A |  45.6 | 1321.2
          Lair |  19.3 |  19.3 |   N/A |   N/A |  53.3 | 8495.0
       Ossuary |  11.3 |  11.3 |   N/A |   N/A |   1.2 | 375.0
               +-------+-------+-------+-------+-------+----------------------

Table legend: (Time is in decaauts)
 A = Elapsed time spent in this place.
 B = Non-inter-level travel time spent in this place.
 C = Inter-level travel time spent in this place.
 D = Time resting spent in this place.
 E = Time spent auto-exploring this place.
 F = Levels seen in this place.
 G = Mean time per level.
                   A        B        C        D        E       F      G
               +--------+--------+--------+--------+--------+-----+--------+
         Total |  12362 |  11667 |    695 |    500 |   8663 |  15 |  824.1 |
       Dungeon |   8760 |   8176 |    584 |    241 |   6241 |  11 |  796.4 |
        Temple |    186 |    168 |     18 |      0 |    152 |   1 |  186.0 |
          Lair |   2843 |   2750 |     93 |    171 |   1987 |   2 | 1421.5 |
       Ossuary |    571 |    571 |      0 |     88 |    282 |   1 |  571.0 |
               +--------+--------+--------+--------+--------+-----+--------+

Top non-repeatable levels by time:
  Lair:2: 1703 daAuts
     D:5: 1169 daAuts
  Lair:1: 1139 daAuts
    D:10: 1074 daAuts
     D:9: 973 daAuts
     D:6: 923 daAuts
     D:8: 897 daAuts
     D:4: 792 daAuts
     D:2: 791 daAuts
     D:1: 769 daAuts
     D:3: 675 daAuts
     D:7: 573 daAuts
 Ossuary: 571 daAuts
  Temple: 186 daAuts
    D:11: 121 daAuts
